 Dungeon Crawl Stone Soup version 0.25.1-2-g60ff931df9 (webtiles) character file.

Game seed: 6591802025646924917

465 gruber the Frost Mage (level 6, 0/32 HPs)
             Began as a Deep Elf Ice Elementalist on Nov 3, 2020.
             Slain by an orc
             ... wielding a +1 vorpal hand axe
              (1 damage)
             ... on level 4 of the Dungeon.
             The game lasted 00:03:36 (4508 turns).

gruber the Frost Mage (Deep Elf Ice Elementalist)   Turns: 4508, Time: 00:03:36

Health: 0/32       AC:  3    Str:  5    XL:     6   Next: 80%
Magic:  12/15      EV: 13    Int: 22    God:
Gold:   176        SH:  0    Dex: 15    Spells: 11/15 levels left

rFire    . . .     SeeInvis .   p - +0 scimitar (holy)
rCold    + . .     Gourm    .   (no shield)
rNeg     . . .     Faith    .   a - +0 robe
rPois    .         Spirit   .   o - +0 helmet
rElec    .         Reflect  .   (no cloak)
rCorr    .         Harm     .   (no gloves)
MR       .....                  (no boots)
Stlth    ++........             (no amulet)
HPRegen  0.10/turn              n - ring of protection from cold
MPRegen  0.14/turn              (no ring)

@: frozen ramparts
A: no striking features
a: no special abilities


You were on level 4 of the Dungeon.
You were not hungry.

You visited 2 branches of the dungeon, and saw 5 of its levels.

You collected 176 gold pieces.

Inventory:

Hand Weapons
 p - a +0 scimitar of holy wrath (weapon)
Armour
 a - a +0 robe (worn)
 o - a +0 helmet (worn)
Jewellery
 n - a ring of protection from cold (left hand)
Scrolls
 b - 3 scrolls of identify {unknown}
 e - a scroll of enchant weapon {unknown}
 h - a scroll of fear {unknown}
 k - a scroll of teleportation {unknown}
 t - a scroll of remove curse {unknown}
Potions
 d - 3 potions of haste {unknown}
 f - a potion of degeneration {unknown}
 g - 3 potions of heal wounds {unknown}
 i - a potion of cancellation {unknown}
 j - a potion of stabbing {unknown}
 l - a potion of flight {unknown}
 m - 2 potions of might {unknown}
 q - a potion of brilliance {unknown}
 r - a potion of curing
Comestibles
 c - 5 rations
 s - 4 chunks of flesh


   Skills:
 - Level 2.4 Dodging
 - Level 2.4 Stealth
 - Level 5.0 Spellcasting
 + Level 8.3 Ice Magic


You had 11 spell levels left.
You knew the following spells:

 Your Spells              Type           Power        Failure   Level  Hunger
a - Freeze                Ice            ####         1%          1    None
b - Frozen Ramparts       Ice            #####.       1%          3    ##.....

Your spell library contained the following spells:

 Spells                   Type           Power        Failure   Level  Hunger
 Ozocubu's Armour         Chrm/Ice       ###.....     5%          3    ##.....
 Hailstorm                Conj/Ice       ###.....     19%         4    ####...
 Summon Ice Beast         Ice/Summ       ###.....     19%         4    ####...


Dungeon Overview and Level Annotations

Branches:
Dungeon (4/15)             Temple (1/1) D:4

Altars:
Ashenzari
Elyvilon
Gozag
Kikubaaqudgha
Nemelex Xobeh
Okawaru
Qazlal
Wu Jian
Xom
Lugonu


Message History

An orc comes into view.
The orc shouts!
You hear an angry hiss.
The orc moves out of view.
An orc comes into view. It is wielding a +1 vorpal hand axe.
An orc is nearby!
An orc is nearby!
An orc is nearby!
An orc priest comes into view. It is wielding a +0 trident.
The orc priest calls down the wrath of Beogh upon you.
Beogh smites you!
The orc priest calls down the wrath of Beogh upon you.
Beogh smites you!
* * * LOW HITPOINT WARNING * * *
Casting: Frozen Ramparts (safe; 1% risk of failure)
Confirm with . or Enter, or press ? or * to list all spells.
The walls around you are covered in ice.
The wall freezes the orc. x2
The orc hits you with a +1 vorpal hand axe.
* * * LOW HITPOINT WARNING * * *
You die...

P≈ ≈≈ P≈ ## P≈
.## ≈≈ o. ≈≈
##.# ≈≈ #o. ≈
# #o# # ≈
#.##@##.# ≈
#.......# P
.....
####.#### ≈
....... #..# ♣
...... ##.# ≈♣
<.. ..## #.#
♣≈ ... ..# #.#
P #.# #.# #.#
≈
#.####.#####.#


You could see an orc priest and 2 orcs.

Vanquished Creatures
  Sigmund (D:3)
  2 howler monkeys (D:4)
  A gnoll shaman (D:2)
  2 worker ants
  Robin (D:3)
  4 gnolls (D:2)
  5 adders
  An ooze (D:1)
  A worm (D:2)
  2 dart slugs
  An orc (D:4)
  3 bats
  3 giant cockroaches
  13 goblins
  5 hobgoblins
  4 jackals (D:3)
  2 kobolds
  A quokka (D:3)
  A ball python (D:3)
  2 frilled lizards
  A quokka skeleton (D:4)
  4 rats
60 creatures vanquished.

Notes
Turn   | Place    | Note
-------+----------+-------------------------------------------
     0 | D:1      | gruber the Deep Elf Ice Elementalist began the quest for
                  | the Orb.
     0 | D:1      | Reached XP level 1. HP: 10/10 MP: 6/6
   276 | D:1      | Reached XP level 2. HP: 3/15 MP: 5/8
  1225 | D:1      | Found a shattered altar of Ashenzari.
  1298 | D:2      | Reached skill level 5 in Ice Magic
  1573 | D:2      | Reached XP level 3. HP: 10/19 MP: 2/10
  1756 | D:2      | Learned a level 3 spell: Frozen Ramparts
  1864 | D:2      | Reached XP level 4. HP: 22/24 MP: 8/12
  1991 | D:2      | Reached skill level 5 in Spellcasting
  2040 | D:2      | Reached skill level 6 in Ice Magic
  2040 | D:2      | Reached XP level 5. HP: 16/28 MP: 8/14
  2575 | D:3      | Found a faded altar of an unknown god.
  2798 | D:3      | Noticed Robin
  2814 | D:3      | Killed Robin
  3656 | D:3      | Noticed Sigmund
  3668 | D:3      | Killed Sigmund
  3668 | D:3      | Reached skill level 7 in Ice Magic
  3668 | D:3      | Reached XP level 6. HP: 13/32 MP: 9/15
  4173 | D:4      | Found a staircase to the Ecumenical Temple.
  4181 | D:4      | Reached skill level 8 in Ice Magic
  4267 | Temple   | Entered the Ecumenical Temple
  4508 | D:4      | HP: 1/32 [orc/+1 vorpal hand axe (6)]
  4508 | D:4      | Slain by an orc

Illustrated notes

Levels and vault maps discovered:
D:1:      dpeg_arrival_radiant, layout_basic, chequers_mini_garden,
          ashenzari_altar_1
D:2:      layout_basic, first_ration, minmay_close_crescents
D:3:      layout_basic, chequers_ecumenical_altar_simple, uniq_robin,
          uniq_sigmund
D:4:      layout_loops_cross, lemuel_blue_sif_altar, minmay_temple_entry_wispy,
          serial_bayou_lake_a
Temple:   corrupted_temple

Skill      XL: |  1  2  3  4  5  6 |
---------------+-------------------+-----
Ice Magic      | 5 6 7 8 |  8.3
Spellcasting   | 4 5 |  5.0
Dodging        | |  2.4
Stealth        | |  2.4

Action                   |  1- 3 |  4- 6 || total
-------------------------+-------+-------++-------
Melee: Unarmed           |     8 |    20 ||    28
       Scimitar          |       |    13 ||    13
 Cast: Freeze            |    29 |     1 ||    30
       Frozen Ramparts   |     2 |    29 ||    31
  Eat: Chunk             |     3 |     9 ||    12
Armor: Robe              |     2 |     7 ||     9
Dodge: Dodged            |    19 |    29 ||    48
       Rpst.: Scimitar   |       |     3 ||     3
